 Dungeon Crawl Stone Soup version 0.30-a0-414-gcb316572d5 (webtiles) character file.

Game seed: 8648922354244177919

1634 qeuew the Trooper (level 8, -6/66 (71) HPs)
             Began as a Hill Orc Fighter on Dec 7, 2022.
             Was an Initiate of Gozag.
             Mangled by a wight
             ... wielding a +4 battleaxe
              (13 damage)
             ... on level 6 of the Dungeon.
             The game lasted 00:07:38 (5147 turns).

qeuew the Trooper (Hill Orc Fighter)                Turns: 5147, Time: 00:07:41

HP:   -6/66 (71)    AC:  8    Str: 21    XL:     8   Next: 98%
MP:   8/8           EV: 10    Int:  6    God:    Gozag
Gold: 514           SH:  5    Dex: 10    Spells: 7/7 levels left

rFire   . . .      SeeInvis .    a - +1 war axe
rCold   . . .      Faith    .    c - +0 buckler
rNeg    . . .      Spirit   .    b - +1 scale mail
rPois   .          Reflect  .    (no helmet)
rElec   .          Harm     .    (no cloak)
rCorr   .          Rampage  .    (no gloves)
Will    +....      Rage     3%   (no boots)
Stlth   ..........               (no amulet)
HPRegen 0.31/turn                d - ring of willpower
MPRegen 0.11/turn                (no ring)

@: drained, unable to drink
A: hooves 1, berserk 1, dopey 1, inability to drink after injury 1
a: Renounce Religion, Potion Petition, Call Merchant, Bribe Branch


You were on level 6 of the Dungeon.
You worshipped Gozag.
Gozag was pleased with you.
You visited 1 branch of the dungeon, and saw 6 of its levels.

You collected 933 gold pieces.
You paid 419 gold pieces to Gozag.

Inventory:

Hand Weapons
 a - a +1 war axe (weapon)
Armour
 b - a +1 scale mail (worn)
 c - a +0 buckler (worn)
Jewellery
 d - a ring of willpower (left hand)
Wands
 h - a wand of iceblast (5)
Scrolls
 f - a scroll of blinking
 g - a scroll of silence
 j - a scroll of teleportation
Potions
 e - 2 potions of haste
 i - a potion of brilliance
 l - a potion of cancellation


   Skills:
 + Level 6.6 Fighting
 + Level 6.5 Axes
 + Level 6.0 Armour
 + Level 3.6 Dodging
 + Level 6.0 Shields
 + Level 3.3 Evocations


You had 7 spell levels left.
You didn't know any spells.
Your spell library contained the following spells:

 Spells                   Type           Power      Damage    Failure   Level
 Kiss of Death            Conj/Necr      0%         2d5       85%         1
 Shock                    Conj/Air       0%         1d3       85%         1
 Confusing Touch          Hex            0%         N/A       99%         3
 Swiftness                Air            0%         N/A       99%         3
 Airstrike                Air            0%         2d(0-16)  100%        4
 Dispel Undead            Necr           0%         3d6       100%        4
 Olgreb's Toxic Radiance  Pois           0%         N/A       100%        4
 Ozocubu's Refrigeration  Ice            0%         4d7       100%        7
 Ignition                 Fire           0%         3d3       100%        8


Dungeon Overview and Level Annotations

Branches:
Dungeon (6/15)
 Temple: D:4-7

Altars:
Gozag
Ru
Uskayaw


Innate Abilities, Weirdness & Mutations

You have large cloven feet.
You sometimes lose your temper in combat.
You are dopey. (Int -2)
You occasionally lose the ability to drink potions when taking damage.


Message History

You barely miss the wight. You block the wight's attack.
The wight hits you with a +4 scimitar!
You feel drained.
You barely miss the wight. Your kick misses the wight.
The wight is heavily damaged.
You closely miss the wight. The wight barely misses you.
The wight hits you with a +4 scimitar. The wight barely misses you. x2
The wight hits you with a +4 scimitar.
You slash the wight!
You destroy the wight!
You slash the wight! You closely miss the wight. The wight barely misses you.
The wight hits you with a +4 battleaxe.
You feel drained.
Your life force feels restored.
Your Shields skill increases to level 6!
You hit the wight but do no damage.
The wight is heavily damaged.
You barely miss the wight. The wight hits you with a +4 scimitar.
You feel drained.
The wight hits you with a +4 battleaxe!!
* * * LOW HITPOINT WARNING * * *
You feel drained.
* * * LOW HITPOINT WARNING * * *
You feel much better. The wight hits you with a +4 scimitar.
The wight barely misses you.
You closely miss the wight. You kick the wight.
The wight is severely damaged.
You closely miss the wight. The wight barely misses you.
You block the wight's attack.
You closely miss the wight. Your kick misses the wight.
The wight is severely damaged.
You barely miss the wight. The wight closely misses you.
The wight hits you with a +4 battleaxe!
You feel threatened and lose the ability to drink potions!
* * * LOW HITPOINT WARNING * * *
You hit the wight but do no damage. You kick the wight, but do no damage.
The wight is severely damaged.
You slash the wight! The wight hits you with a +4 scimitar!
* * * LOW HITPOINT WARNING * * *
The wight barely misses you. The wight hits you with a +4 battleaxe!
You die...
Your body crumbles into a pile of gold.

.....#. #..........
....#.#####...####.##
#...?..........# #.##
#$#...........## #...
#.#.##....###.# ### $
......#....##.#
#.#.......#.#
#.....=.....#
###@$.....###
......z$z....##
###.........##
....######### ###


You could see 2 wights.

Vanquished Creatures
  Prince Ribbit (D:6)
  Sigmund (D:2)
  Eustachio (D:4)
  Edmund (D:4)
  Duvessa (D:4)
  A black bear (D:4)
  3 wights (D:6)
  Dowan (D:4)
  5 hounds
  A gnoll bouda (D:5)
  Jessica (D:2)
  4 iguanas
  Terence (D:2)
  Robin (D:2)
  5 gnolls
  10 adders
  2 worms
  6 dart slugs
  14 orcs
  11 endoplasms
  6 giant cockroaches
  11 goblins
  10 hobgoblins
  6 kobolds
  2 quokkas
  8 ball pythons
  3 bats
  12 rats
129 creatures vanquished.

Vanquished Creatures (others)
  5 toadstools (D:1)
5 creatures vanquished.

Grand Total: 134 creatures vanquished

Notes
Turn   | Place    | Note
-------+----------+-------------------------------------------
     0 | D:1      | qeuew the Hill Orc Fighter began the quest for the Orb.
     0 | D:1      | Reached XP level 1. HP: 19/19 MP: 1/1
   186 | D:1      | Reached XP level 2. HP: 27/27 MP: 2/2
   273 | D:1      | Reached XP level 3. HP: 15/33 MP: 3/3
   899 | D:2      | Found an opulent altar of Gozag.
   921 | D:2      | Reached skill level 1 in Dodging
   939 | D:2      | Became a worshipper of Gozag Ym Sagoz the Greedy
  1013 | D:2      | Noticed Robin
  1022 | D:2      | Killed Robin
  1023 | D:2      | Reached XP level 4. HP: 26/40 MP: 4/4
  1107 | D:2      | Noticed Terence
  1113 | D:2      | Killed Terence
  1212 | D:2      | Noticed Jessica
  1221 | D:2      | Killed Jessica
  1222 | D:2      | Reached XP level 5. HP: 30/47 MP: 5/5
  1293 | D:2      | Noticed Sigmund
  1317 | D:2      | Killed Sigmund
  1318 | D:2      | Reached XP level 6. HP: 41/55 MP: 6/6
  1392 | D:2      | Found a faded altar of an unknown god.
  1689 | D:3      | Found a hide-covered altar of Uskayaw.
  2139 | D:3      | Reached skill level 5 in Fighting
  2392 | D:4      | Noticed a black bear
  2398 | D:4      | Killed a black bear
  2398 | D:4      | Noticed Duvessa
  2398 | D:4      | Noticed Dowan
  2399 | D:4      | Reached skill level 1 in Evocations
  2399 | D:4      | Reached XP level 7. HP: 61/61 MP: 7/7
  2415 | D:4      | HP: 2/61 [Duvessa/+0 short sword (7)]
  2424 | D:4      | Killed Duvessa
  2425 | D:4      | Reached skill level 5 in Axes
  2622 | D:4      | Killed Dowan
  2625 | D:4      | Noticed Edmund
  2639 | D:4      | Killed Edmund
  2640 | D:4      | Reached skill level 5 in Armour
  2640 | D:4      | Reached skill level 5 in Shields
  2751 | D:4      | Noticed Eustachio
  2784 | D:4      | Killed Eustachio
  2785 | D:4      | Reached XP level 8. HP: 28/70 MP: 8/8
  3635 | D:4      | Gained mutation: You have hidden genetic defects. [potion
                  | of mutation]
  3635 | D:4      | Gained mutation: You occasionally lose the ability to drink
                  | potions when taking damage. [potion of mutation]
  3635 | D:4      | Gained mutation: You have large cloven feet. [potion of
                  | mutation]
  3671 | D:5      | Entered Level 5 of the Dungeon
  3918 | D:5      | Found a sacrificial altar of Ru.
  4471 | D:5      | Gained mutation: You are dopey. (Int -2) [hidden defects]
  4913 | D:6      | Noticed Prince Ribbit
  4925 | D:6      | Killed Prince Ribbit
  4944 | D:6      | Gained mutation: You sometimes lose your temper in combat.
                  | [hidden defects]
  4944 | D:6      | Lost mutation: You have hidden genetic defects. [hidden
                  | defects expressed]
  5147 | D:6      | Mangled by a wight

Illustrated notes

Levels and vault maps discovered:
D:1:      amcnicky_arrival_wind_blow, layout_rooms, minmay_gold_behind_fungi
D:2:      layout_rooms, ebering_ecumenical_altar_box, basic_altar, uniq_jessica,
          uniq_sigmund, uniq_robin, uniq_terence
D:3:      minmay_chambers_of_threes, layout_basic, nicolae_uskayaw_dance_hall
D:4:      layout_basic, uniq_eustachio, uniq_duvessa, uniq_edmund
D:5:      layout_basic, nicolae_ru_awakened_eye
D:6:      layout_loops_ring, minmay_temple_entry_statues,
          amcnicky_altar_lugonu_corruption, uniq_maggie, uniq_prince_ribbit1

Skill      XL: |  1  2  3  4  5  6  7  8 |
---------------+-------------------------+-----
Axes           | 3 4 5 6 |  6.5
Fighting       | 4 5 6 |  6.6
Dodging        | 1 2 3 |  3.6
Armour         | 4 5 6 |  6.0
Shields        | 4 5 6 |  6.0
Evocations     | 1 2 3 |  3.3

Action                   |  1- 3 |  4- 6 |  7- 9 || total
-------------------------+-------+-------+-------++-------
Melee: War axe           |    76 |   100 |   216 ||   392
       Kick              |       |       |    31 ||    31
Invok: Potion Petition   |       |       |     1 ||     1
Evoke: Wand              |       |       |     1 ||     1
  Use: Potion            |     4 |     3 |     4 ||    11
       Scroll            |     2 |     5 |     4 ||    11
 Stab: Distracted        |       |     3 |     1 ||     4
Armor: Scale mail        |    36 |    39 |    99 ||   174
Dodge: Dodged            |    41 |    24 |   126 ||   191
Block: Buckler           |    15 |    11 |    48 ||    74

Table legend: (Time is in decaauts)
 A = Elapsed time spent in this place.
 B = Non-inter-level travel time spent in this place.
 C = Inter-level travel time spent in this place.
 D = Time resting spent in this place.
 E = Time spent auto-exploring this place.
 F = Levels seen in this place.
 G = Mean time per level.
                   A        B        C        D        E       F      G
               +--------+--------+--------+--------+--------+-----+--------+
         Total |   5250 |   5098 |    152 |    275 |   3898 |   6 |  875.0 |
       Dungeon |   5250 |   5098 |    152 |    275 |   3898 |   6 |  875.0 |
               +--------+--------+--------+--------+--------+-----+--------+

Top non-repeatable levels by time:
     D:5: 1228 daAuts
     D:4: 1130 daAuts
     D:3: 1035 daAuts
     D:1: 871 daAuts
     D:2: 713 daAuts
     D:6: 270 daAuts
